General information
			
			
        
        - name: BNet
 
        - type: Ladder 1vs1/FFA
 
        - host: Battle.net
 
        - saver: earthbound
 
        
map: TerenasStand 
        - players: 2
 
        - length: 26:39
 
        - speed: Fast
 - version: 1.22 W3XP
 - replay type:  Public
 
» download(87 KB)
Players
        team 1 (winner) 
              
              
earthbound (
blue | 76 APM | 2014 actions | 26:39)
              
 7 Blood Mage 
 3 Flame Strike
 3 Siphon Mana
 1 Summon Phoenix
 
                » actions 
                
                | Assign group hotkey | 43 |  | 
| Basic commands | 153 |  | 
| Build / train | 99 |  | 
| ESC pressed | 4 |  | 
| Enter build submenu | 29 |  | 
| Enter hero's abilities submenu | 7 |  | 
| Remove unit from queue | 3 |  | 
| Right click | 768 |  | 
| Select / deselect | 385 |  | 
| Select group hotkey | 390 |  | 
| Use ability | 131 |  | 
                2014 total
 » units 
                
                | Peasant | 30 |  | 
| Priest | 5 |  | 
| Spell Breaker | 7 |  | 
| Knight | 11 |  | 
| Sorceress | 3 |  | 
                56 total
 » upgrades
                
                | Masonry | 1 |  | 
| Lumber Harvesting | 1 |  | 
| Swords | 3 |  | 
| Priest Training | 2 |  | 
| Plating | 2 |  | 
| Sorceress Training | 3 |  | 
| Animal War Training | 1 |  | 
                13 total
 » buildings
                
                | Altar of Kings | 1 |  | 
| Farm | 9 |  | 
| Lumber Mill | 1 |  | 
| Scout Tower | 6 |  | 
| Arcane Tower | 1 |  | 
| Arcane Vault | 1 |  | 
| Keep | 2 |  | 
| Guard Tower | 1 |  | 
| Blacksmith | 1 |  | 
| Castle | 1 |  | 
| Arcane Sanctum | 3 |  | 
| Barracks | 2 |  | 
| Town Hall | 3 |  | 
                32 total
 » build order
                00:09 Altar of Kings
00:12 Farm
00:17 Lumber Mill
00:50 Scout Tower
01:24 Farm
01:29 Arcane Tower
02:44 Scout Tower
03:10 Arcane Vault
03:13 Scout Tower
03:18 Scout Tower
03:23 Keep
03:24 Keep
04:13 Guard Tower
05:00 Blacksmith
06:11 Castle
06:15 Arcane Sanctum
06:18 Arcane Sanctum
06:21 Barracks
06:24 Arcane Sanctum
06:48 Farm
07:37 Farm
07:41 Farm
09:50 Barracks
10:46 Farm
11:18 Town Hall
12:05 Scout Tower
12:05 Scout Tower
12:11 Farm
18:18 Farm
18:20 Farm
19:52 Town Hall
22:25 Town Hall
» items
                
                | Lesser Clarity Potion | 2 |  | 
| Scroll of Regeneration | 5 |  | 
| Boots of Speed | 1 |  | 
| Staff of Teleportation | 1 |  | 
| Potion of Healing | 2 |  | 
| Staff of Sanctuary | 1 |  | 
| Scroll of Town Portal | 1 |  | 
                13 total
  
               team 2 (loser) 
              
              
PeNg (
green | 77 APM | 2027 actions | 26:29)
              
 5 Demon Hunter 
 2 Mana Burn
 3 Evasion
 4 Pandaren Brewmaster 
 2 Breath of Fire
 2 Drunken Haze
 
                » actions 
                
                | Assign group hotkey | 40 |  | 
| Basic commands | 130 |  | 
| Build / train | 83 |  | 
| Enter build submenu | 20 |  | 
| Enter hero's abilities submenu | 9 |  | 
| Give item / drop item | 9 |  | 
| Right click | 586 |  | 
| Select / deselect | 462 |  | 
| Select group hotkey | 564 |  | 
| Use ability | 122 |  | 
                2027 total
 » units 
                
                | Wisp | 23 |  | 
| Archer | 1 |  | 
| Huntress | 3 |  | 
| Dryad | 3 |  | 
| Goblin Shredder | 1 |  | 
| Druid of the Claw | 8 |  | 
| Druid of the Talon | 1 |  | 
| Chimaera | 5 |  | 
                45 total
 » upgrades
                
                | Druid of the Claw Training | 2 |  | 
| Abolish Magic | 1 |  | 
| Strength of the Wild | 2 |  | 
| Reinforced Hides | 3 |  | 
| Druid of the Talon Training | 1 |  | 
| Nature's Blessing | 1 |  | 
                10 total
 » buildings
                
                | Altar of Elders | 1 |  | 
| Moon Well | 6 |  | 
| Ancient of War | 1 |  | 
| Hunter's Hall | 1 |  | 
| Tree of Ages | 4 |  | 
| Ancient of Lore | 3 |  | 
| Tree of Eternity | 1 |  | 
| Tree of Life | 3 |  | 
| Ancient of Wonders | 1 |  | 
| Ancient of Wind | 1 |  | 
| Chimaera Roost | 2 |  | 
                24 total
 » build order
                00:06 Altar of Elders
00:18 Moon Well
00:23 Ancient of War
01:41 Moon Well
02:32 Hunter's Hall
03:08 Tree of Ages
03:08 Tree of Ages
03:09 Tree of Ages
03:36 Moon Well
05:36 Ancient of Lore
05:59 Ancient of Lore
06:38 Ancient of Lore
06:40 Tree of Eternity
08:39 Moon Well
09:09 Tree of Life
10:06 Tree of Life
12:42 Ancient of Wonders
16:06 Ancient of Wind
17:21 Chimaera Roost
18:28 Chimaera Roost
19:12 Moon Well
19:26 Tree of Life
21:24 Moon Well
» items
                
                | Boots of Speed | 1 |  | 
| Staff of Teleportation | 1 |  | 
| Potion of Lesser Invulnerability | 1 |  | 
| Scroll of Town Portal | 2 |  | 
| Anti-magic Potion | 1 |  | 
| Orb of Venom | 1 |  | 
                7 total
  
                Chat log
          (00:34 / All) earthbound: HI
(00:35 / All) earthbound: FROM
(00:39 / All) PeNg: china
(00:43 / All) earthbound: WOW THATS FAR FROM USEAST
(00:46 / All) earthbound: YOU MUST HAVE BAD LAG
(00:58 / All) PeNg: i am in canada now
(01:07 / All) earthbound: CANADA HAHAHA
(01:10 / All) earthbound: YOU ARE CANADA
(01:24 / All) PeNg: no i am chinese
(01:27 / All) earthbound: CANADA HAHA
(01:37 / All) earthbound: YOU ARE CANADA!
(02:58 / All) earthbound: YOU ARE CANADA WISP
(04:33 / All) earthbound: HI
(05:20 / All) earthbound: U BAD
(05:49 / All) earthbound: I HARASS TOO
(06:32 / All) earthbound: THE BLOODMAGE TELEPORTS AT WILL!
(11:46 / All) earthbound: u bad
(14:08 / All) earthbound: u bad
(14:15 / All) earthbound: u say you from china to scare people
(14:16 / All) earthbound: on bnet
(14:19 / All) earthbound: but you really a dumb canadian
(16:07 / All) earthbound: hi
(17:30 / All) earthbound: u bad
(20:31 / All) earthbound: rofl
(20:33 / All) earthbound: u bad
(22:12 / All) earthbound: fuck you
(23:40 / All) earthbound: lol
(23:40 / All) earthbound: chims
(24:33 / All) earthbound: lol
(24:59 / All) earthbound: the desperation mass chim
(25:05 / All) earthbound: was very canadian of you
(25:20 / All) earthbound: thansk for clearing this expo for me
(25:36 / All) earthbound: lololol
(26:19 / All) earthbound: SHEEPED
(26:26 / All) PeNg: gg